 Dungeon Crawl Stone Soup version 0.30.0-29-ga12c61a403 (webtiles) character file.

Game seed: 6684449187683431817

25 Peloso the Covered (level 2, 29/29 HPs)
             Began as a Minotaur Fighter on June 7, 2023.
             Got out of the dungeon alive.
             The game lasted 00:01:47 (982 turns).

Peloso the Covered (Minotaur Fighter)                Turns: 982, Time: 00:01:48

Health: 29/29      AC:  7    Str: 20    XL:     2   Next: 86%
Magic:  1/1        EV:  9    Int:  5    God:
Gold:   62         SH:  4    Dex:  9    Spells: 1/1 levels left

rFire   . . .        a - +0 long sword
rCold   . . .        c - +0 buckler
rNeg    . . .        b - +0 scale mail
rPois   .            (helmet restricted)
rElec   .            (no cloak)
rCorr   .            (no gloves)
SInv    .            (no boots)
Will    .....        (no amulet) Stlth
                     (no ring)
HPRegen 0.24/turn    (no ring)
MPRegen 0.07/turn

%: no passive effects
@: no status effects
A: horns 2, retaliatory headbutt, robust 1, wild magic 1
a: no special abilities


You escaped.
You visited 1 branch of the dungeon, and saw 1 of its levels.

You collected 62 gold pieces.

Inventory:

Hand Weapons
 a - a +0 long sword (weapon)
Armour
 b - a +0 scale mail (worn)
 c - a +0 buckler (worn)
Potions
 d - 4 potions of might
 e - 2 potions of heal wounds {unknown}
 f - a potion of degeneration {unknown}


   Skills:
 + Level 4.0 Fighting
 + Level 3.0 Long Blades
 + Level 4.0 Armour
 + Level 0.2 Dodging
 + Level 4.0 Shields


You had one spell level left.
You didn't know any spells.
Your spell library was empty.

Dungeon Overview and Level Annotations

Branches:
Dungeon (1/15)

Altars:


Innate Abilities, Weirdness & Mutations

You have a pair of horns on your head.
You reflexively headbutt those who attack you in melee.
You are robust. (+10% HP)
Your spells are a little harder to cast, but a little more powerful.


Message History

A hobgoblin is nearby!
You barely miss the hobgoblin.
The hobgoblin hits you but does no damage.
You closely miss the hobgoblin.
The hobgoblin hits you but does no damage.
You barely miss the hobgoblin. You block the hobgoblin's attack.
The hobgoblin barely misses you. You furiously retaliate!
You headbutt the hobgoblin. You hit the hobgoblin but do no damage.
The hobgoblin is severely wounded.
The hobgoblin hits you but does no damage.
You slash the hobgoblin!
You kill the hobgoblin!
Your Long Blades skill increases to level 3!
d - 4 potions of might (gained 1) Done exploring.
Done exploring.
Done exploring.
Done exploring.
You aren't carrying any scrolls.
It was a potion of mutation.
You feel extremely strange.
You feel weaker.
You feel resistant to poisons.
Really quaff the potion of mutation?
You feel extremely strange.
You feel stronger.
You feel less resistant to poisons.
You feel less in control of your magic.
You feel robust.
(D) Dungeon
Where to? (? - help)
What level of the Dungeon? (default 1, ? - help)
There is an open door here.
You open the door.
There is an open door here.
There is a stone staircase leading down here.
There is an open gate here.
There is an open door here.
There is an open door here.
There is an escape hatch in the floor here.
There is a staircase leading out of the dungeon here.
Are you sure you want to leave the Dungeon?
This will make you lose the game!
You have escaped!

###### #.........#.##.# #.... #
#.........#.##.#####.# #
##.......##........### # ###
##############....... # ##..#
##...## ##..##.#.### # #....#
##'## ##....#.#.###
#..~.####...####....#.....#
#####
#≈...#≈#.....#≈#....#..##.#
....#
#~.~~#.'..@..'.#....#..##.#
....#
#.~..#≈#..>..#≈#....#..##.#
....#
#.~~.####...####....#..##.#
....# #.~..# ##'## ##....#.###.#
....# ##..# ##8.8## ##..##.# #.#
....###### ####'#### #####.###.#
....##...# ##§§.§.§§## #.##...
##.)...#.# #.§§§§.§§§# ###..#.#.
#>..###.###..§§#§§.§####....#.#.


There were no monsters in sight!

Vanquished Creatures
  4 ball pythons (D:1)
  An endoplasm (D:1)
  2 giant cockroaches (D:1)
  A goblin (D:1)
  3 hobgoblins (D:1)
  2 jackals (D:1)
  2 quokkas (D:1)
  3 bats (D:1)
  A frilled lizard (D:1)
  2 kobolds (D:1)
21 creatures vanquished.

Notes
Turn   | Place    | Note
-------+----------+-------------------------------------------
     0 | D:1      | Peloso the Minotaur Fighter began the quest for the Orb.
     0 | D:1      | Reached XP level 1. HP: 19/19 MP: 0/0
   127 | D:1      | Reached XP level 2. HP: 27/27 MP: 1/1
   928 | D:1      | Gained mutation: You are weak. (Str -2) [potion of
                  | mutation]
   928 | D:1      | Gained mutation: Your system is resistant to poisons.
                  | (rPois) [potion of mutation]
   929 | D:1      | Lost mutation: You are weak. (Str -2) [potion of mutation]
   929 | D:1      | Lost mutation: Your system is resistant to poisons. (rPois)
                  | [potion of mutation]
   929 | D:1      | Gained mutation: Your spells are a little harder to cast,
                  | but a little more powerful. [potion of mutation]
   929 | D:1      | Gained mutation: You are robust. (+10% HP) [potion of
                  | mutation]
   982 | D:$      | Got out of the dungeon alive.

Illustrated notes

Levels and vault maps discovered:
D:1:      shiori_arrival_elements, layout_basic, hangedman_decor_diamond_cutter,
          minmay_pentomino_q4

Skill      XL: |  1  2 |
---------------+-------+-----
Armour         | 4 |  4.0
Fighting       | 4 |  4.0
Shields        | 4 |  4.0
Long Blades    | 3 |  3.0
Dodging        | |  0.2

Action                     || total
---------------------------++-------
  Melee: Long sword        ||    62
         Headbutt          ||     5
    Use: Potion            ||     2
 Armour: Scale mail        ||    35
  Dodge: Dodged            ||    28
  Block: Buckler           ||    18
